 Dungeon Crawl Stone Soup version 0.30-a0-49-g1cef19eb02 (webtiles) character file.

Game seed: 16623540245732877017

32 MrFrogsmire the Conjurer (level 3, -1/21 HPs)
             Began as an Octopode Conjurer on Sept 3, 2022.
             Was a Follower of Nemelex Xobeh.
             Slain by a hobgoblin (2 damage)
             ... led by Robin
             ... on level 2 of the Dungeon.
             The game lasted 00:04:38 (619 turns).

MrFrogsmire the Conjurer (Octopode Conjurer)         Turns: 619, Time: 00:04:38

Health: -1/21      AC:  5    Str:  6    XL:     3   Next: 27%
Magic:  0/6        EV: 13    Int: 22    God:    Nemelex Xobeh [*.....]
Gold:   50         SH:  0    Dex: 10    Spells: 5/6 levels left

rFire   . . .      SeeInvis .    e - +0 dagger
rCold   . . .      Faith    .    (no shield)
rNeg    . . .      Spirit   .    (helmet restricted)
rPois   .          Reflect  .    (no amulet)
rElec   .          Harm     .    c - +4 ring of protection
rCorr   .          Rampage  .    (no ring)
Will    .....                    (no ring)
Stlth   +++.......               (no ring)
HPRegen 0.07/turn                (no ring)
MPRegen 0.10/turn                (no ring)
                                 (no ring)
                                 (no ring)

@: no status effects
A: almost no armour, amphibious, 8 rings, camouflage 1, gelatinous body 1,
(nimble swimmer 1), tentacles
a: Renounce Religion, Draw Escape, Draw Destruction, Draw Summoning


You were on level 2 of the Dungeon.
You worshipped Nemelex Xobeh.
Nemelex Xobeh was aware of your devotion.
You visited 1 branch of the dungeon, and saw 2 of its levels.

You collected 50 gold pieces.

Inventory:

Hand Weapons
 e - a +0 dagger (weapon)
Missiles
 b - 6 boomerangs
Jewellery
 c - a +4 ring of protection (left tentacle)
Scrolls
 h - a scroll of identify {unknown}
 i - a scroll of enchant weapon {unknown}
Potions
 a - a potion of magic
 d - a potion of resistance {unknown}
 f - a potion of brilliance {unknown}
 g - a potion of mutation {unknown}
 j - a potion of lignification {unknown}


   Skills:
 + Level 0.6 Throwing
 + Level 2.1 Dodging
 + Level 2.8 Stealth
 + Level 2.0 Spellcasting
 + Level 4.7 Conjurations


You had 5 spell levels left.
You knew the following spells:

 Your Spells              Type           Power      Damage    Failure   Level
a - Magic Dart            Conj           92%        1d7       1%          1

Your spell library contained the following spells:

 Spells                   Type           Power      Damage    Failure   Level
 Searing Ray              Conj           46%        2d6       3%          2
 Dazzling Flash           Conj/Hex       24%        N/A       16%         3
 Fulminant Prism          Conj/Hex       6%         3d7       45%         4
 Iskenderun's Mystic Bla  Conj/Tloc      12%        2d5       45%         4


Dungeon Overview and Level Annotations

Branches:
Dungeon (2/15)

Altars:
Nemelex Xobeh

Annotations:
D:2 Robin


Innate Abilities, Weirdness & Mutations

You cannot wear most types of armour.
You are amphibious.
You can wear up to eight rings at the same time.
Your skin changes colour to match your surroundings (Stealth+).
Your rubbery body absorbs attacks. (AC +1, EV +1)
((You are camouflaged when in or above water. (Stealth+)))
You have tentacles for arms and can constrict up to eight enemies at once.


Message History

You are frozen.
The goblin barely misses you.
You barely miss the endoplasm. The goblin barely misses you.
The endoplasm freezes you.
You are frozen.
The goblin hits you with a +0 club. The hobgoblin closely misses you.
You hit the endoplasm.
The endoplasm is heavily wounded.
The endoplasm hits you but does no damage.
The goblin hits you but does no damage. The goblin completely misses you.
The hobgoblin misses you.
Robin roars a battlecry!
The goblins go into a battle-frenzy!
The goblin shouts!
You hit the goblin. You grab the goblin.
The goblin is severely wounded.
You constrict the goblin.
You kill the goblin!
You hear an angry hiss.
The hobgoblin closely misses you. The endoplasm barely misses you.
A hobgoblin comes into view.
The hobgoblin misses you.
You closely miss the goblin. Your grab misses the goblin.
Your squeeze misses the goblin.
The hobgoblin hits you but does no damage.
The goblin misses you. The hobgoblin hits you. Robin hits you with a +0 club.
The endoplasm closely misses you.
You closely miss the goblin. You grab the goblin. You constrict the goblin.
The hobgoblin shouts!
The endoplasm freezes you.
You are frozen.
* * * LOW HITPOINT WARNING * * *
The goblin closely misses you. The hobgoblin hits you.
* * * LOW HITPOINT WARNING * * *
The hobgoblin misses you. Robin hits you but does no damage.
You hit Robin. You grab Robin.
Robin is lightly wounded.
You constrict Robin, but do no damage. You constrict the goblin.
The hobgoblin hits you.
You die...
Your body disappears without a glow.

.# .##.......###
#....<.. ##.####....##
..#..g# #..#######..#
...).####...##...#...
#...?##............#.
#....##.............#
#....................
#...g.............##
##..@g.#...........#
#..Jgg..!)[.##...#...
#.....#.#....##########.
####.##.#....# . [..
#...g..# ... ###..g.#
... #.g..# ... .....)#
##.g#..#


You could see Robin, an endoplasm, 4 hobgoblins and 2 goblins.

Vanquished Creatures
  A dart slug (D:1)
  3 ball pythons
  2 endoplasms
  3 giant cockroaches (D:1)
  5 goblins
  A hobgoblin (D:1)
  2 jackals (D:2)
  2 quokkas
  4 bats
  4 rats (D:1)
27 creatures vanquished.

Notes
Turn   | Place    | Note
-------+----------+-------------------------------------------
     0 | D:1      | MrFrogsmire the Octopode Conjurer began the quest for the
                  | Orb.
     0 | D:1      | Reached XP level 1. HP: 11/11 MP: 3/3
    84 | D:1      | Found a faded altar of an unknown god.
   115 | D:1      | Prayed at the altar of an unknown god.
   115 | D:1      | Became a worshipper of Nemelex Xobeh the Trickster
   115 | D:1      | Reached * piety under Nemelex Xobeh
   127 | D:1      | Received a gift from Nemelex Xobeh
   171 | D:1      | Reached XP level 2. HP: 17/17 MP: 0/5
   371 | D:1      | You fall into a shaft and drop 1 floor!
   529 | D:2      | Reached XP level 3. HP: 21/21 MP: 1/6
   604 | D:2      | Noticed Robin
   618 | D:2      | HP: 1/21 [hobgoblin[Robin] (3)]
   619 | D:2      | Slain by a hobgoblin

Illustrated notes

Levels and vault maps discovered:
D:1:      amcnicky_arrival_flooded_fountain, layout_loops_ring,
          dreamdust_ecumenical_altar_grove
D:2:      layout_rooms, uniq_robin

Action                   || total
-------------------------++-------
Melee: Dagger            ||    29
       Constrict         ||     9
       Tentacles         ||     7
       Punch             ||     1
Throw: Boomerang         ||    15
 Cast: Magic Dart        ||    31
Armor: Skin              ||    17
Dodge: Dodged            ||    36

Table legend: (Time is in decaauts)
 A = Elapsed time spent in this place.
 B = Non-inter-level travel time spent in this place.
 C = Inter-level travel time spent in this place.
 D = Time resting spent in this place.
 E = Time spent auto-exploring this place.
 F = Levels seen in this place.
 G = Mean time per level.
                   A        B        C        D        E       F      G
               +--------+--------+--------+--------+--------+-----+--------+
         Total |    622 |    268 |    354 |      0 |      0 |   2 |  311.0 |
       Dungeon |    622 |    268 |    354 |      0 |      0 |   2 |  311.0 |
               +--------+--------+--------+--------+--------+-----+--------+

Top non-repeatable levels by time:
     D:1: 374 daAuts
     D:2: 247 daAuts
